[Event "39° Campionato Italiano Rapid ASCID"]
[Site "Pesaro"]
[Date "2024.04.20"]
[Round "4"]
[White "Poli, Diego"]
[Black "Vrioni, Bersan"]
[Result "1/2-1/2"]
[Board "2"]
[WhiteElo "1744"]
[BlackElo "1956"]
[TimeControl "1500+30"]
[ECO "A40"]
[Opening "Queen's pawn"]
[PlyCount "78"]
[EventDate "2024.04.20"]
[EventRounds "6"]
[EventCountry "ITA"]
[Annotator "Bersca0.53"]

1. d4 e6 2. Nf3 Nf6 3. c3 d5 4. Bf4 Bd6 5. Bxd6 Qxd6 6. e3 Nbd7 7. Bd3 e5
8. dxe5 Nxe5 9. Nxe5 Qxe5 10. Nd2 Qg5 11. Nf3 Qh5 12. Qa4+ c6 13. Qh4 Qxh4
14. Nxh4 g6 15. f3 O-O 16. g4 Be6 17. Kd2 Nd7 18. Ng2 f6 19. h4 Bf7 20. f4
Rfe8 21. Rae1 Re7 22. Re2 a5 23. Rhe1 Rae8 24. b3 Nc5 25. Bc2 Ne4+ 26. Bxe4
dxe4 27. Kc2 Rd8 28. Rd1 Red7 29. Rxd7 Rxd7 30. c4 Be6 31. g5 f5 32. Rd2
Rxd2+ 33. Kxd2 a4 34. Ne1 axb3 35. axb3 Kf8 36. Kc3 Ke7 37. c5 Kd7 38. Nc2
Kc7 39. b4 Kd7 1/2-1/2

[Event "39° Campionato Italiano Rapid ASCID"]
[Site "Pesaro"]
[Date "2024.04.20"]
[Round "4"]
[White "Landini, Andrea"]
[Black "Pugliese, Giuseppe Franco"]
[Result "0-1"]
[Board "3"]
[WhiteElo "1399"]
[BlackElo "1758"]
[TimeControl "1500+30"]
[ECO "B30"]
[Opening "Sicilian"]
[Variation "Nimzovich-Rossolimo attack (without ...d6)"]
[PlyCount "46"]
[EventDate "2024.04.20"]
[EventRounds "6"]
[EventCountry "ITA"]
[Annotator "Bersca0.53"]

1. e4 c5 2. Nf3 Nc6 3. Bb5 e6 4. d4 cxd4 5. Nxd4 Nge7 6. O-O Nxd4 7. Qxd4
Nc6 8. Bxc6 bxc6 9. Nc3 d6 10. Ne2 e5 11. Qd1 Be7 12. f4 a5 13. Kh1 Be6 14.
fxe5 dxe5 15. Ng3 O-O 16. Nf5 Bxf5 17. Rxf5 Qd4 18. Qxd4 exd4 19. Bg5 f6
20. Bd2 Rfb8 21. b3 g6 22. Rxa5 Rxa5 23. Bxa5 Ra8 24. Bb6 c5 25. Bc7 Rc8
26. Bg3 c4 27. e5 d3 28. cxd3 cxd3 29. Rd1 Rd8 30. Be1 fxe5 31. a4 e4 32.
Kg1 e3 33. Kf1 e2+ 0-1

[Event "39° Campionato Italiano Rapid ASCID"]
[Site "Pesaro"]
[Date "2024.04.20"]
[Round "4"]
[White "Zanotti, Damiano"]
[Black "Vilone, Gennaro"]
[Result "0-1"]
[Board "4"]
[WhiteElo "1399"]
[BlackElo "1644"]
[TimeControl "1500+30"]
[ECO "C50"]
[Opening "Giuoco piano"]
[PlyCount "26"]
[EventDate "2024.04.20"]
[EventRounds "6"]
[EventCountry "ITA"]
[Annotator "Bersca0.53"]

1. e4 e5 2. Nf3 Nc6 3. Bc4 Bc5 4. O-O Nf6 5. Re1 O-O 6. d4 exd4 7. Nxd4
Bxd4 8. c3 Bb6 9. Bg5 h6 10. Bh4 d6 11. Nd2 Ne5 12. Bb3 Bg4 13. Bxf6 Qxf6 0-1

[Event "39° Campionato Italiano Rapid ASCID"]
[Site "Pesaro"]
[Date "2024.04.20"]
[Round "4"]
[White "Battaglia, Gabriele"]
[Black "Soppelsa, Maurizio"]
[Result "0-1"]
[Board "6"]
[WhiteElo "1635"]
[BlackElo "1732"]
[TimeControl "1500+30"]
[ECO "A13"]
[Opening "English opening"]
[PlyCount "74"]
[EventDate "2024.04.20"]
[EventRounds "6"]
[EventCountry "ITA"]
[Annotator "Bersca0.53"]

1. c4 e6 2. Nc3 Nf6 3. g3 c5 4. Bg2 d5 5. cxd5 exd5 6. e3 Nc6 7. d4 Bf5 8.
Qb3 Na5 9. Qb5+ Bd7 10. Qe2 Bc6 11. Nf3 Bd6 12. Nb5 O-O 13. Nxd6 Qxd6 14.
O-O b5 15. Qd2 Nc4 16. Qe1 Rfe8 17. b3 Nb6 18. Qc3 b4 19. Qd2 c4 20. Qc2 c3
21. a3 a5 22. Re1 Nbd7 23. Qf5 g6 24. Qc2 Ne4 25. Rd1 Reb8 26. a4 f5 27.
Ne5 Nxe5 28. dxe5 Qxe5 29. Rd4 Rd8 30. Rd1 Rd7 31. Re1 Bb7 32. Bf1 Ng5 33.
Kg2 d4+ 34. e4 Bxe4+ 35. Rxe4 Qxe4+ 36. Qxe4 Nxe4 37. Bb5 Rd6 0-1

[Event "39° Campionato Italiano Rapid ASCID"]
[Site "Pesaro"]
[Date "2024.04.20"]
[Round "4"]
[White "Pezzolato, Erica"]
[Black "Parravano, Luca"]
[Result "1-0"]
[Board "7"]
[WhiteElo "1667"]
[BlackElo "1539"]
[TimeControl "1500+30"]
[ECO "A30"]
[Opening "English"]
[Variation "symmetrical variation"]
[PlyCount "59"]
[EventDate "2024.04.20"]
[EventRounds "6"]
[EventCountry "ITA"]
[Annotator "Bersca0.53"]

1. c4 c5 2. Nf3 Nf6 3. g3 Nc6 4. Bg2 e6 5. O-O d5 6. cxd5 exd5 7. d4 c4 8.
Nc3 Be7 9. Bf4 Bd6 10. Ne5 Nh5 11. Nxc6 bxc6 12. Bxd6 Qxd6 13. e3 Nf6 14.
e4 dxe4 15. Nxe4 Nxe4 16. Bxe4 Bb7 17. Re1 O-O 18. Bc2 Qd5 19. Be4 Qd6 20.
Rc1 Ba6 21. d5 c5 22. Qa4 f5 23. Bg2 f4 24. Re6 Qb8 25. Qxa6 Qxb2 26. Qxc4
fxg3 27. Re2 gxf2+ 28. Kf1 Qb8 29. d6+ Rf7 30. Rxf2 1-0

[Event "39° Campionato Italiano Rapid ASCID"]
[Site "Pesaro"]
[Date "2024.04.20"]
[Round "4"]
[White "Ionata, Lorenzo"]
[Black "Trapletti, Cosetta"]
[Result "1-0"]
[Board "9"]
[WhiteElo "1516"]
[BlackElo "1614"]
[TimeControl "1500+30"]
[ECO "C57"]
[Opening "Two knights defence"]
[PlyCount "67"]
[EventDate "2024.04.20"]
[EventRounds "6"]
[EventCountry "ITA"]
[Annotator "Bersca0.53"]

1. e4 e5 2. Nf3 Nc6 3. Bc4 Nf6 4. Ng5 Nxe4 5. Nxf7 Qe7 6. Nxh8 Qf6 7. O-O
d6 8. d3 Be6 9. Bxe6 Qxe6 10. dxe4 Qf6 11. Qh5+ g6 12. Nxg6 hxg6 13. Qh7
O-O-O 14. Qh3+ Kb8 15. Nc3 Nd4 16. Nd5 Ne2+ 17. Kh1 Qf7 18. Bg5 c6 19. Bxd8
cxd5 20. exd5 Qxd5 21. Qd7 a6 22. Qc7+ Ka7 23. Qb6+ Kb8 24. Rad1 Qe4 25.
Bc7+ Ka8 26. Bxd6 Nf4 27. Qd8+ Ka7 28. Qb8+ Kb6 29. f3 Qxc2 30. Qd8+ Kb5
31. Qe8+ Kc4 32. Qf7+ Kb5 33. Qxb7+ Kc4 34. Qc6# 1-0

[Event "39° Campionato Italiano Rapid ASCID"]
[Site "Pesaro"]
[Date "2024.04.20"]
[Round "4"]
[White "Battezzati, Claudia"]
[Black "Delmonte, Davide"]
[Result "0-1"]
[Board "10"]
[WhiteElo "1399"]
[BlackElo "1635"]
[TimeControl "1500+30"]
[ECO "B30"]
[Opening "Sicilian defence"]
[PlyCount "26"]
[EventDate "2024.04.20"]
[EventRounds "6"]
[EventCountry "ITA"]
[Annotator "Bersca0.53"]

1. e4 c5 2. Nf3 Nc6 3. Bd3 d5 4. O-O Bg4 5. Qe2 dxe4 6. Bxe4 Nf6 7. Bd5 Qxd5 8. d3 e6 9. c4 Qh5 10. Nc3 Bd6 11. Ne5 Bxe2 12. Nxc6 bxc6 13. Re1 Qxh2# 0-1

[Event "39° Campionato Italiano Rapid ASCID"]
[Site "Pesaro"]
[Date "2024.04.21"]
[Round "5"]
[White "Vilone, Gennaro"]
[Black "Casadei, Marco"]
[Result "0-1"]
[Board "1"]
[WhiteElo "1644"]
[BlackElo "1969"]
[TimeControl "1500+30"]
[ECO "B20"]
[Opening "Sicilian defence"]
[PlyCount "60"]
[EventDate "2024.04.20"]
[EventRounds "6"]
[EventCountry "ITA"]
[Annotator "Bersca0.53"]

1. e4 c5 2. b3 Nf6 3. e5 Nd5 4. c4 Nb6 5. Bb2 Nc6 6. f4 d5 7. Nf3 Bg4 8.
Be2 Bxf3 9. Bxf3 dxc4 10. O-O cxb3 11. axb3 e6 12. Qe2 Qd7 13. Nc3 Nd4 14.
Qd1 Nxf3+ 15. Qxf3 Be7 16. Rad1 O-O 17. Ne4 Nd5 18. Ba3 Rac8 19. Rc1 b6 20.
Qh3 Nb4 21. Bxb4 cxb4 22. Rc4 Rxc4 23. bxc4 Qd4+ 24. Qe3 Qxc4 25. d3 Qa6
26. Kh1 Rd8 27. Nf2 Bc5 28. Qg3 Bxf2 29. Qxf2 Qxd3 30. Kg1 b3 0-1

[Event "39° Campionato Italiano Rapid ASCID"]
[Site "Pesaro"]
[Date "2024.04.21"]
[Round "5"]
[White "Gasperoni, Claudio"]
[Black "Poli, Diego"]
[Result "1/2-1/2"]
[Board "2"]
[WhiteElo "1866"]
[BlackElo "1744"]
[TimeControl "1500+30"]
[ECO "A46"]
[Opening "Queen's pawn game"]
[PlyCount "23"]
[EventDate "2024.04.20"]
[EventRounds "6"]
[EventCountry "ITA"]
[Annotator "Bersca0.53"]

1. d4 Nf6 2. Nf3 e6 3. c4 Bb4+ 4. Bd2 Bxd2+ 5. Qxd2 d5 6. e3 dxc4 7. Bxc4
O-O 8. O-O b6 9. Ne5 Bb7 10. Qc2 Be4 11. Bd3 Bxd3 12. Nxd3 1/2-1/2

[Event "39° Campionato Italiano Rapid ASCID"]
[Site "Pesaro"]
[Date "2024.04.21"]
[Round "5"]
[White "Pugliese, Giuseppe Franco"]
[Black "Vandelli, Jiazhuang"]
[Result "0-1"]
[Board "3"]
[WhiteElo "1758"]
[BlackElo "1399"]
[TimeControl "1500+30"]
[ECO "C42"]
[Opening "Petrov three knights game"]
[PlyCount "36"]
[EventDate "2024.04.20"]
[EventRounds "6"]
[EventCountry "ITA"]
[Annotator "Bersca0.53"]

1. e4 e5 2. Nf3 Nf6 3. Nc3 Nc6 4. Bc4 Nxe4 5. Bd5 Nxc3 6. dxc3 d6 7. O-O
Be7 8. Qe2 Be6 9. c4 Qd7 10. a3 h6 11. b4 O-O 12. b5 Nd8 13. Bxb7 Nxb7 14.
Ne1 Na5 15. Nd3 Nxc4 16. Rd1 f5 17. Be3 Nxe3 18. fxe3 Qxb5 0-1

[Event "39° Campionato Italiano Rapid ASCID"]
[Site "Pesaro"]
[Date "2024.04.21"]
[Round "5"]
[White "Vrioni, Bersan"]
[Black "Soppelsa, Maurizio"]
[Result "1-0"]
[Board "4"]
[WhiteElo "1956"]
[BlackElo "1732"]
[TimeControl "1500+30"]
[ECO "B18"]
[Opening "Caro-Kann"]
[Variation "Classical variation"]
[PlyCount "83"]
[EventDate "2024.04.20"]
[EventRounds "6"]
[EventCountry "ITA"]
[Annotator "Bersca0.53"]

1. e4 c6 2. d4 d5 3. Nc3 dxe4 4. Nxe4 Bf5 5. Ng3 Bg6 6. Bc4 e6 7. N1e2 Bd6
8. O-O Nf6 9. f4 O-O 10. f5 exf5 11. Nxf5 Bxf5 12. Rxf5 b5 13. Bb3 Nbd7 14.
Qe1 c5 15. dxc5 Bxc5+ 16. Kh1 Re8 17. Qf1 Qe7 18. Ng3 Qe1 19. Bg5 Qxf1+ 20.
Raxf1 Re5 21. Rxe5 Nxe5 22. Bxf6 gxf6 23. Rxf6 Re8 24. Ne4 Kg7 25. Rf1 Be7
26. Ng3 f6 27. Nf5+ Kg6 28. Nxe7+ Rxe7 29. g3 a5 30. a4 b4 31. Kg2 Ng4 32.
Kg1 Re2 33. h3 Ne3 34. Rf2 Re1+ 35. Kh2 Nf1+ 36. Kg2 Ne3+ 37. Kf3 Nd1 38.
Re2 Rf1+ 39. Kg2 Rf5 40. c3 Nxc3 41. bxc3 bxc3 42. Bc2 1-0

[Event "39° Campionato Italiano Rapid ASCID"]
[Site "Pesaro"]
[Date "2024.04.21"]
[Round "5"]
[White "Ionata, Lorenzo"]
[Black "Pezzolato, Erica"]
[Result "0-1"]
[Board "5"]
[WhiteElo "1516"]
[BlackElo "1667"]
[TimeControl "1500+30"]
[ECO "B08"]
[Opening "Pirc"]
[Variation "classical (two knights) system"]
[PlyCount "60"]
[EventDate "2024.04.20"]
[EventRounds "6"]
[EventCountry "ITA"]
[Annotator "Bersca0.53"]

1. e4 d6 2. d4 Nf6 3. Nc3 g6 4. Nf3 Bg7 5. e5 dxe5 6. dxe5 Qxd1+ 7. Nxd1
Ng4 8. Bc4 Nxe5 9. Ng5 Nxc4 10. O-O O-O 11. Re1 e6 12. Nc3 Nc6 13. b3 Nd6
14. Bb2 Bd7 15. Rad1 Nb4 16. Re2 Bxc3 17. Bxc3 Nxa2 18. Bb2 Nb4 19. Rd4 Nd5
20. Rh4 h5 21. g4 f6 22. Nh7 Kxh7 23. gxh5 g5 24. Rh3 e5 25. Rg3 Nf4 26.
Ree3 Nf5 27. Rh3 Nxe3 28. fxe3 Bxh3 29. exf4 gxf4 30. Kf2 Rg8 0-1

[Event "39° Campionato Italiano Rapid ASCID"]
[Site "Pesaro"]
[Date "2024.04.21"]
[Round "5"]
[White "Zanotti, Damiano"]
[Black "Manneschi, Fabrizio"]
[Result "0-1"]
[Board "6"]
[WhiteElo "1399"]
[BlackElo "1627"]
[TimeControl "1500+30"]
[ECO "C51"]
[Opening "Evans gambit declined"]
[PlyCount "52"]
[EventDate "2024.04.20"]
[EventRounds "6"]
[EventCountry "ITA"]
[Annotator "Bersca0.53"]

1. e4 e5 2. Nf3 Nc6 3. Bc4 Bc5 4. b4 Nxb4 5. c3 Nd3+ 6. Bxd3 Nf6 7. Nxe5 d6
8. Nf3 Ng4 9. O-O Bd7 10. Be2 Qe7 11. d4 Bb6 12. h3 h5 13. Nbd2 Ba5 14. Bb2
O-O-O 15. Nc4 Bb6 16. Nxb6+ cxb6 17. Ba3 Rh6 18. e5 Bc6 19. exd6 Rdxd6 20.
Bxd6 Qxd6 21. g3 Nf6 22. Ne5 Be8 23. Bc4 h4 24. Qxb6 Re8 25. Rxc5 Qd3 
26. Rc7 Qg4+ 0-1

[Event "39° Campionato Italiano Rapid ASCID"]
[Site "Pesaro"]
[Date "2024.04.21"]
[Round "5"]
[White "Amadei, Lorenzo"]
[Black "Landini, Andrea"]
[Result "0-1"]
[Board "7"]
[WhiteElo "1573"]
[BlackElo "1399"]
[TimeControl "1500+30"]
[ECO "C46"]
[Opening "Four knights"]
[Variation "Italian variation"]
[PlyCount "82"]
[EventDate "2024.04.20"]
[EventRounds "6"]
[EventCountry "ITA"]
[Annotator "Bersca0.53"]

1. e4 e5 2. Nf3 Nc6 3. Nc3 Nf6 4. Bc4 Bc5 5. O-O O-O 6. d3 d6 7. Qe2 h6 8.
Be3 Nd4 9. Bxd4 Bxd4 10. Nxd4 exd4 11. Nd5 Nxd5 12. Bxd5 c6 13. Bc4 Be6 14.
Bxe6 fxe6 15. Qg4 e5 16. c3 dxc3 17. bxc3 Qf6 18. Rae1 Qf4 19. Qe6+ Kh8 20.
Qxd6 Rad8 21. g3 Rxd6 22. gxf4 Rxf4 23. Rd1 c5 24. c4 Rf3 25. Kg2 Rfxd3 26.
Rxd3 Rxd3 27. f4 Rd2+ 28. Kg3 exf4+ 29. Rxf4 Rxa2 30. e5 Ra6 31. Rf7 Re6
32. Rxb7 Rxe5 33. Rxa7 Kh7 34. Kf4 Rh5 35. Ke4 Rh3 36. Kd5 Rh5+ 37. Kd6 Rg5
38. Ra5 h5 39. Rxc5 Rxc5 40. Kxc5 h4 41. Kd5 h3 0-1

[Event "39° Campionato Italiano Rapid ASCID"]
[Site "Pesaro"]
[Date "2024.04.21"]
[Round "5"]
[White "Delmonte, Davide"]
[Black "Battaglia, Gabriele"]
[Result "0-1"]
[Board "8"]
[WhiteElo "1635"]
[BlackElo "1635"]
[TimeControl "1500+30"]
[ECO "E60"]
[Opening "King's Indian, 3.Nf3"]
[PlyCount "56"]
[EventDate "2024.04.20"]
[EventRounds "6"]
[EventCountry "ITA"]
[Annotator "Bersca0.53"]

1. d4 Nf6 2. c4 g6 3. Nf3 Bg7 4. Nc3 O-O 5. Bf4 d6 6. e3 Nbd7 7. Rc1 c5 8.
Na4 cxd4 9. exd4 Qa5+ 10. Nc3 Qb6 11. c5 Qxb2 12. Bc4 Qb4 13. Bd3 dxc5 14.
O-O cxd4 15. Re1 Re8 16. Be5 Nxe5 17. Nxe5 dxc3 18. Rxc3 Qxc3 19. h4 b6 20.
f3 Qd4+ 21. Kf1 Qxh4 22. Bc4 e6 23. Qb3 Nh5 24. Nxf7 Kxf7 25. Bxe6+ Bxe6
26. Rxe6 Rxe6 27. Qc3 Bxc3 28. f4 Re1# 0-1

[Event "39° Campionato Italiano Rapid ASCID"]
[Site "Pesaro"]
[Date "2024.04.21"]
[Round "5"]
[White "Brunetti, Emilio"]
[Black "Parravano, Luca"]
[Result "0-1"]
[Board "9"]
[WhiteElo "1629"]
[BlackElo "1539"]
[TimeControl "1500+30"]
[ECO "B00"]
[Opening "King's pawn opening"]
[PlyCount "45"]
[EventDate "2024.04.20"]
[EventRounds "6"]
[EventCountry "ITA"]
[Annotator "Bersca0.53"]

1. e4 d6 2. Nf3 Nf6 3. Nc3 g6 4. Bc4 e6 5. d4 Bg7 6. Bg5 Nbd7 7. e5 dxe5 8.
dxe5 Nxe5 9. Qxd8+ Kxd8 10. Nxe5 Ke8 11. Nf3 h6 12. Bxf6 Bxf6 13. O-O c6
14. Rfd1 b5 15. Bd3 b4 16. Na4 Bb7 17. Rab1 Rc8 18. Nc5 Ba8 19. Ba6 Rc7 20.
Ne4 Bg7 21. Nd6+ Ke7 22. Ne4 c5 23. c4 0-1

[Event "39° Campionato Italiano Rapid ASCID"]
[Site "Pesaro"]
[Date "2024.04.21"]
[Round "6"]
[White "Casadei, Marco"]
[Black "Vandelli, Jiazhuang"]
[Result "1-0"]
[Board "1"]
[WhiteElo "1969"]
[BlackElo "1399"]
[TimeControl "1500+30"]
[ECO "C42"]
[Opening "Petrov"]
[Variation "Nimzovich attack"]
[PlyCount "57"]
[EventDate "2024.04.20"]
[EventRounds "6"]
[EventCountry "ITA"]
[Annotator "Bersca0.53"]

1. e4 e5 2. Nf3 Nf6 3. Nxe5 d6 4. Nf3 Nxe4 5. Nc3 Nxc3 6. dxc3 Be7 7. Be3
Nc6 8. Qd2 Bg4 9. Be2 Qd7 10. O-O-O Be6 11. Kb1 h6 12. h4 Bf6 13. Nd4 Nxd4
14. Bxd4 Bxd4 15. Qxd4 O-O 16. g4 Rfe8 17. Bf3 Qb5 18. g5 hxg5 19. hxg5
Qxg5 20. Rh5 Qf6 21. Rdh1 Kf8 22. Qxf6 gxf6 23. Bxb7 Rab8 24. Bc6 Red8 25.
f4 f5 26. Ba4 Ke7 27. Rf1 Rg8 28. Rxf5 Kf8 29. Ra5 1-0

[Event "39° Campionato Italiano Rapid ASCID"]
[Site "Pesaro"]
[Date "2024.04.21"]
[Round "6"]
[White "Gasperoni, Claudio"]
[Black "Pugliese, Giuseppe Franco"]
[Result "1/2-1/2"]
[Board "3"]
[WhiteElo "1866"]
[BlackElo "1758"]
[TimeControl "1500+30"]
[ECO "A46"]
[Opening "Queen's pawn game"]
[PlyCount "22"]
[EventDate "2024.04.20"]
[EventRounds "6"]
[EventCountry "ITA"]
[Annotator "Bersca0.53"]

1. d4 Nf6 2. Nf3 e6 3. c4 d5 4. Nc3 b6 5. cxd5 exd5 6. Bg5 Bb7 7. e3 Be7 8.
Bd3 Ne4 9. Bxe7 Qxe7 10. O-O O-O 11. Qc2 Nd7 1/2-1/2

[Event "39° Campionato Italiano Rapid ASCID"]
[Site "Pesaro"]
[Date "2024.04.21"]
[Round "6"]
[White "Poli, Diego"]
[Black "Manneschi, Fabrizio"]
[Result "1-0"]
[Board "4"]
[WhiteElo "1744"]
[BlackElo "1627"]
[TimeControl "1500+30"]
[ECO "D00"]
[Opening "Queen's pawn, Mason variation"]
[PlyCount "45"]
[EventDate "2024.04.20"]
[EventRounds "6"]
[EventCountry "ITA"]
[Annotator "Bersca0.53"]

1. d4 d5 2. Bf4 Na6 3. e3 Nf6 4. Nf3 Bg4 5. h3 Be6 6. g4 Bd7 7. Ne5 Be6 8.
Nd2 Ne4 9. c3 f5 10. gxf5 Bxf5 11. Bd3 Qd6 12. Qh5+ g6 13. Qe2 O-O-O 14.
Nf7 Qf6 15. Nxh8 Qxh8 16. Bxa6 Nd6 17. Bd3 Bxd3 18. Qxd3 Ne4 19. f3 Ng3 20.
Bxg3 Qf6 21. O-O Bh6 22. Kh2 Rd6 23. Be5 1-0

[Event "39° Campionato Italiano Rapid ASCID"]
[Site "Pesaro"]
[Date "2024.04.21"]
[Round "6"]
[White "Pezzolato, Erica"]
[Black "Vilone, Gennaro"]
[Result "1/2-1/2"]
[Board "5"]
[WhiteElo "1667"]
[BlackElo "1644"]
[TimeControl "1500+30"]
[ECO "A27"]
[Opening "English"]
[Variation "three knights system"]
[PlyCount "51"]
[EventDate "2024.04.20"]
[EventRounds "6"]
[EventCountry "ITA"]
[Annotator "Bersca0.53"]

1. c4 e5 2. Nc3 Nc6 3. Nf3 Bc5 4. g3 Nf6 5. Bg2 d6 6. d3 a6 7. O-O O-O 8.
Bd2 Bf5 9. Ng5 h6 10. Nge4 Nxe4 11. Nxe4 Ba7 12. Nc3 Rb8 13. Nd5 Ne7 14.
Be3 c5 15. Nxe7+ Qxe7 16. Bd2 Kh7 17. e4 Bd7 18. Qc1 b5 19. b3 Qf6 20. f4
exf4 21. Bxf4 Qd4+ 22. Qe3 Qxe3+ 23. Bxe3 Be6 24. Bf4 Rbd8 25. Rf2 b4 26. 
Raf1 1/2-1/2

[Event "39° Campionato Italiano Rapid ASCID"]
[Site "Pesaro"]
[Date "2024.04.21"]
[Round "6"]
[White "Soppelsa, Maurizio"]
[Black "Zanotti, Damiano"]
[Result "1-0"]
[Board "6"]
[WhiteElo "1732"]
[BlackElo "1399"]
[TimeControl "1500+30"]
[ECO "C51"]
[Opening "Evans gambit declined"]
[PlyCount "47"]
[EventDate "2024.04.20"]
[EventRounds "6"]
[EventCountry "ITA"]
[Annotator "Bersca0.53"]

1. e4 e5 2. Nf3 Nc6 3. Bc4 Bc5 4. b4 Nxb4 5. c3 Nd3+ 6. Bxd3 Nf6 7. Nxe5 d6
8. Nf3 Ng4 9. O-O Bd7 10. Be2 Qe7 11. d4 Bb6 12. h3 h5 13. Nbd2 Ba5 14. Bb2
O-O-O 15. Nc4 Bb6 16. Nxb6+ cxb6 17. Ba3 Rh6 18. e5 Bc6 19. exd6 Rdxd6 20.
Bxd6 Qxd6 21. g3 Nf6 22. Ne5 Be8 23. Bc4 h4 24. Qg4+ 1-0

[Event "39° Campionato Italiano Rapid ASCID"]
[Site "Pesaro"]
[Date "2024.04.21"]
[Round "6"]
[White "Battaglia, Gabriele"]
[Black "Ionata, Lorenzo"]
[Result "1-0"]
[Board "7"]
[WhiteElo "1635"]
[BlackElo "1516"]
[TimeControl "1500+30"]
[ECO "A21"]
[Opening "English opening"]
[PlyCount "37"]
[EventDate "2024.04.20"]
[EventRounds "6"]
[EventCountry "ITA"]
[Annotator "Bersca0.53"]

1. c4 e5 2. Nc3 g6 3. Nf3 Bg7 4. g3 h5 5. Bg2 c6 6. O-O d5 7. cxd5 cxd5 8.
d3 d4 9. Ne4 Nc6 10. Nfd2 Nge7 11. Nc4 O-O 12. Bd2 Nd5 13. a3 f6 14. Qb3 a6
15. Rac1 Qd7 16. Nb6 Qf5 17. Nxa8 Be6 18. Qxb7 Nd8 19. Qxa6 1-0

[Event "39° Campionato Italiano Rapid ASCID"]
[Site "Pesaro"]
[Date "2024.04.21"]
[Round "6"]
[White "Trapletti, Cosetta"]
[Black "Delmonte, Davide"]
[Result "1-0"]
[Board "9"]
[WhiteElo "1614"]
[BlackElo "1635"]
[TimeControl "1500+30"]
[ECO "A10"]
[Opening "English opening"]
[PlyCount "51"]
[EventDate "2024.04.20"]
[EventRounds "6"]
[EventCountry "ITA"]
[Annotator "Bersca0.53"]

1. c4 d5 2. d4 Nf6 3. Nc3 Bf5 4. e3 e6 5. Nf3 c5 6. Be2 cxd4 7. Nxd4 Nc6 8.
Nxf5 exf5 9. Bd3 Bb4 10. Bd2 O-O 11. Bxf5 Re8 12. O-O Qc7 13. Re1 Bd6 14.
g3 g6 15. Bb1 h5 16. h4 Bxg3 17. Qf3 Bh2+ 18. Kf1 Ng4 19. e4 dxe4 20. Nxe4
Nd4 21. Qd3 Bg1 22. Nf6+ Kg7 23. Nxe8+ Rxe8 24. Rxe8 Qh2 25. Qxd4+ f6 26.
Qd7# 1-0